[Event "*** SCC Grand Prix: Titled Tuesday Blitz"]
[Site "Chess.com"]
[Date "2020.06.09"]
[Round "9"]
[White "Natalya_Buksa"]
[Black "imdvb6307"]
[Result "1-0"]
[WhiteElo "2571"]
[BlackElo "2397"]
[TimeControl "180+1"]
[EndTime "10:45:04 PDT"]
[Termination "Natalya_Buksa won by resignation"]

1. d4 d5 2. Nc3 Nf6 3. Bf4 Ne4 4. Nxe4 dxe4 5. e3 c6 6. Ne2 g5 7. Be5 f6 8. Bg3 Bf5 9. h4 Nd7 10. hxg5 fxg5 11. Nc3 Bg6 12. Qg4 Qa5 13. O-O-O h5 14. Qe6 Bf5 15. Qb3 Nb6 16. Be5 Rh6 17. Be2 h4 18.
Qg8 Rg6 19. Bh5 O-O-O 20. Bxg6 Bg4 21. f3 exf3 22. gxf3 Bd7 23. Qb3 Nd5 24. Nxd5 cxd5 25. Qc3+ Bc6 26. Qxa5 1-0

[Event "*** SCC Grand Prix: Titled Tuesday Blitz"]
[Site "Chess.com"]
[Date "2020.06.09"]
[Round "9"]
[White "Manukyan_Artak"]
[Black "profofchess"]
[Result "0-1"]
[WhiteElo "2303"]
[BlackElo "2444"]
[TimeControl "180+1"]
[EndTime "10:45:05 PDT"]
[Termination "profofchess won by resignation"]

1. e4 e6 2. d4 d5 3. e5 c5 4. c3 Nc6 5. Nf3 Nh6 6. a3 f6 7.
Bxh6 gxh6 8. Bb5 Bg7 9. O-O cxd4 10. Nxd4 O-O 11. Nxc6 bxc6 12. Bxc6 Rb8 13. exf6 Qxf6 14.
b4 Ba6 15. b5 Bxb5 16. Bxb5 Rxb5 17. Ra2 Rfb8 18. Nd2 Qxc3 19. Nf3 Qb3 20. Re2 Qxd1 21. Rxd1 Rb1 22. Ree1 Rxd1 23. Rxd1 Rb3 24. Re1 Rxa3 25. Rxe6 Ra1+ 26. Re1 a5 27. Rxa1 Bxa1 28. Ne1 a4 29.
Nc2 Bb2 30. Kf1 Kf7 31. Ke2 Ke6 32. g4 Ke5 33. h3 Kf4 34. Nb4 Ke4 35. f3+ Kd4 36.
f4 Kc4 37. Nc2 a3 0-1

[Event "*** SCC Grand Prix: Titled Tuesday Blitz"]
[Site "Chess.com"]
[Date "2020.06.09"]
[Round "9"]
[White "QuintilianoR"]
[Black "PlayChessSimple"]
[Result "1/2-1/2"]
[WhiteElo "2652"]
[BlackElo "2523"]
[TimeControl "180+1"]
[EndTime "10:45:06 PDT"]
[Termination "Game drawn by repetition"]

1. Nf3 f5 2. c4 Nf6 3. g3 g6 4. Bg2 Bg7 5. O-O O-O 6. d4 e6 7. Nc3 d6 8. Qc2 Nc6 9. e4 e5 10. dxe5 dxe5 11. Rd1 Nd4 12. Nxd4 exd4 13. c5 fxe4 14.
Nxe4 Nxe4 15. Bxe4 c6 16. Bf4 Bg4 17. Re1 Qf6 18.
Bd6 Rf7 19. Bg2 d3 20. Qxd3 Qxf2+ 21. Kh1 Qxb2 22. Rab1 Qxa2 23. Rb4 Bf5 24. Qe3 Qa5 25. Qb3 Bc2 26. Qc4 Bd3 27. Qb3 Bc2 28. Qc4 Bd3 29. Qb3 Bc2 1/2-1/2

[Event "*** SCC Grand Prix: Titled Tuesday Blitz"]
[Site "Chess.com"]
[Date "2020.06.09"]
[Round "9"]
[White "OhanyanEminChess"]
[Black "anon569"]
[Result "1-0"]
[WhiteElo "2438"]
[BlackElo "2291"]
[TimeControl "180+1"]
[EndTime "10:45:06 PDT"]
[Termination "OhanyanEminChess won by resignation"]

1. e4 c5 2. Nf3 d6 3. d4 cxd4 4. Nxd4 Nf6 5. Nc3 a6 6. Bc4 Qc7 7. Bb3 e6 8. f4 Nbd7 9. f5 Nc5 10. fxe6 fxe6 11. O-O Be7 12. Bg5 Nxb3 13. axb3 O-O 14.
Qd3 Bd7 15. Qh3 g6 16. Nxe6 Qc8 17. Nd5 Nxd5 18. Rxf8+ Qxf8 19. Bh6 Qf6 20. exd5 Qxb2 21. Rf1 Qxc2 22. Qf3 Bxe6 23. dxe6 Qf5 24. Qxb7 Qc5+ 25. Kh1 Re8 26. Qd7 Qc8 27. Re1 Bf6 28. Qf7+ 1-0

[Event "*** SCC Grand Prix: Titled Tuesday Blitz"]
[Site "Chess.com"]
[Date "2020.06.09"]
[Round "9"]
[White "frankshar"]
[Black "freshfoodcompany"]
[Result "1-0"]
[WhiteElo "2349"]
[BlackElo "2206"]
[TimeControl "180+1"]
[EndTime "10:45:06 PDT"]
[Termination "frankshar won by resignation"]

1. d4 d5 2. c4 e6 3. Nc3 Be7 4. cxd5 exd5 5. Bf4 c6 6. Qc2 Bd6 7. Bxd6 Qxd6 8. e3 Ne7 9. Bd3 b6 10. Nge2 Ba6 11. O-O Bxd3 12. Qxd3 Nd7 13. a3 O-O 14. f3 Rfd8 15. Rad1 Rac8 16. Kh1 Nf6 17. e4 dxe4 18. fxe4 Ng6 19. Qf3 Qe7 20. e5 Nd5 21. Ne4 c5 22. Nd6 Rc7 23. Qxd5 cxd4 24. Nxd4 Nxe5 25.
N4f5 Qf6 26. Nh6+ Qxh6 27. Qxe5 Qe6 28. Qxe6 fxe6 29. Rf2 Rxd6 30. Rdf1 Rd8 31. h3 Rcd7 32. Kh2 Rd1 33. Kg3 Rxf1 34. Rxf1 Rd3+ 35. Kf4 Kf7 36.
Ke4+ 1-0

[Event "*** SCC Grand Prix: Titled Tuesday Blitz"]
[Site "Chess.com"]
[Date "2020.06.09"]
[Round "9"]
[White "2346PL"]
[Black "Mbneu"]
[Result "1-0"]
[WhiteElo "2426"]
[BlackElo "2239"]
[TimeControl "180+1"]
[EndTime "10:45:08 PDT"]
[Termination "2346PL won by resignation"]

1. d4 Nf6 2. Bg5 c5 3. d5 e6 4. Nc3 e5 5. d6 Qa5 6. Bxf6 gxf6 7. e4 Nc6 8. Bc4 Bg7 9. Ne2 O-O 10. O-O Nd4 11. Nd5 b5 12. Ne7+ Kh8 13. Bd5 Rb8 14. c3 Ne6 15. f4 c4 16. Nf5 Rg8 17. Qe1 Bf8 18. Qh4 Rg6 19. Ne7 Qb6+ 20. Kh1 Qxd6 21. Nxg6+ fxg6 22. Qxf6+ Bg7 23. fxe5 Qxe5 24. Qe7 Ba6 25.
Rf7 Nc5 26. Qxc5 1-0

[Event "*** SCC Grand Prix: Titled Tuesday Blitz"]
[Site "Chess.com"]
[Date "2020.06.09"]
[Round "9"]
[White "queen_iryna"]
[Black "rududuyk"]
[Result "1-0"]
[WhiteElo "2309"]
[BlackElo "2171"]
[TimeControl "180+1"]
[EndTime "10:45:11 PDT"]
[Termination "queen_iryna won on time"]

1. d4 e6 2. e4 d5 3. Nc3 Nf6 4. Bg5 dxe4 5. Nxe4 Be7 6. Bxf6 gxf6 7. Nf3 a6 8. a4 f5 9. Ng3 Bf6 10. Bc4 c5 11.
O-O h5 12. Re1 Kf8 13. d5 h4 14. Nf1 Bxb2 15. dxe6 Qxd1 16. e7+ Ke8 17. Raxd1 Nc6 18. Ng5 Be6 19. Bxe6 fxe6 20. Nxe6 Kf7 21. Nc7 Nxe7 22. Nxa8 Rxa8 23. Rd7 Bf6 24. Rxb7 Rd8 25. Ne3 Rd2 26. Nxf5 Kg6 27. Nxe7+ 1-0

[Event "*** SCC Grand Prix: Titled Tuesday Blitz"]
[Site "Chess.com"]
[Date "2020.06.09"]
[Round "9"]
[White "silverback96"]
[Black "BIG_Pirate"]
[Result "0-1"]
[WhiteElo "2207"]
[BlackElo "2421"]
[TimeControl "180+1"]
[EndTime "10:45:12 PDT"]
[Termination "BIG_Pirate won by resignation"]

1. e4 d5 2. exd5 Qxd5 3. Nc3 Qa5 4. d4 Nf6 5. Nf3 Bg4 6. h3 Bh5 7. Be2 Nc6 8. Ne5 Nxe5 9. dxe5 Qxe5 10. O-O Bxe2 11.
Qxe2 Qxe2 12. Nxe2 e6 13. Bf4 O-O-O 14. a4 Bd6 15. Bg5 Be7 16. c3 h6 17. Be3 a6 18.
a5 Nd5 19. Bd4 Bf6 20. Rad1 Bxd4 21. Nxd4 Nf4 22. Rfe1 Rd6 23. Kh2 Rhd8 24. Kg3 Ng6 25. f4 Ne7 26. Kf3 Nf5 27. Ke4 Nxd4 28. cxd4 Rd5 29. b4 b6 30. axb6 cxb6 31. Re3 Kb7 32. Red3 Rc8 33. g4 g6 34. h4 h5 35. g5 Rc4 36. Rb1 Kc6 37. b5+ Rxb5 38. Rxb5 Kxb5 39. Ke5 a5 40. f5 gxf5 41. Rb3+ Ka6 42. d5 exd5 43. Kxd5 Rxh4 44. Ke5 a4 45. Ra3 b5 46. Kf6 Rg4 47. Rf3 b4 48. Rxf5 b3 49. Kxf7 b2 50.
Rf6+ Ka5 51. Rf5+ 0-1

[Event "*** SCC Grand Prix: Titled Tuesday Blitz"]
[Site "Chess.com"]
[Date "2020.06.09"]
[Round "9"]
[White "Jadeit90"]
[Black "vanyakuba"]
[Result "0-1"]
[WhiteElo "2308"]
[BlackElo "2454"]
[TimeControl "180+1"]
[EndTime "10:45:13 PDT"]
[Termination "vanyakuba won by resignation"]

1. g3 f5 2. Bg2 e5 3. Nf3 d6 4. d4 e4 5. Nfd2 d5 6. O-O Nf6 7. c4 c6 8. Nc3 Be7 9. cxd5 cxd5 10. f3 Nc6 11. fxe4 fxe4 12. e3 Bg4 13. Qb3 Qd7 14. a4 Nb4 15. a5 Rc8 16. Na2 Nd3 17. Nc3 Be6 18. Qd1 O-O 19. Nb3 Bg4 20. Qd2 Kh8 21.
Na4 Bb4 22. Nc3 Rc7 23. Qc2 Rfc8 24. Bd2 Bh3 25. a6 Bxg2 26. Kxg2 b6 27. Nc1 Nxb2 28. Qxb2 Bxc3 29. Bxc3 Rxc3 30. Ra2 Qg4 31. Qf2 Rxc1 0-1

[Event "*** SCC Grand Prix: Titled Tuesday Blitz"]
[Site "Chess.com"]
[Date "2020.06.09"]
[Round "9"]
[White "Kislov_Oleg"]
[Black "GregShahade"]
[Result "1-0"]
[WhiteElo "2406"]
[BlackElo "2539"]
[TimeControl "180+1"]
[EndTime "10:45:14 PDT"]
[Termination "Kislov_Oleg won by resignation"]

1. e4 e5 2. Nf3 Nc6 3. d4 exd4 4. Nxd4 Nf6 5. Nc3 Bb4 6. Nxc6 bxc6 7. Bd3 d5 8. exd5 cxd5 9. O-O O-O 10. Bg5 c6 11.
Qf3 Be7 12. Rfe1 h6 13. Bh4 Be6 14. Ne2 Nd7 15. Bxe7 Qxe7 16. Nf4 Qf6 17. Nxe6 fxe6 18. Qxf6 Rxf6 19. c3 Raf8 20. f3 Kf7 21. Re2 Ke7 22.
b4 Kd6 23. a3 Ne5 24. Bc2 Rb8 25. Rae1 Nc4 26. Bd3 Nb6 27. Rc2 c5 28. c4 d4 29.
bxc5+ Kxc5 30. Re5+ Kd6 31. Ra5 Nd7 32. c5+ Kc7 33.
Rxa7+ Kd8 34. c6 1-0

[Event "*** SCC Grand Prix: Titled Tuesday Blitz"]
[Site "Chess.com"]
[Date "2020.06.09"]
[Round "9"]
[White "2008king"]
[Black "chenxiaoyuer"]
[Result "0-1"]
[WhiteElo "2186"]
[BlackElo "2379"]
[TimeControl "180+1"]
[EndTime "10:45:14 PDT"]
[Termination "chenxiaoyuer won by resignation"]

1. e4 c5 2. Nf3 d6 3. d4 cxd4 4. Qxd4 a6 5. c4 Nc6 6. Qe3 g6 7. Nc3 Bh6 8. Qe2 Bg7 9. Bd2 Nf6 10. Qd1 O-O 11. Bd3 Bg4 12. h3 Bxf3 13. Qxf3 Nd7 14. Be3 Rc8 15. O-O Nce5 16. Qe2 Nxd3 17. Qxd3 Ne5 18.
Qe2 Nxc4 19. Rac1 Nxe3 20. Qxe3 e6 21. Rfd1 Qe7 22. a4 Rc6 23. a5 Rfc8 24. Na4 Qc7 25.
Rxc6 Qxc6 26. Nb6 Rc7 27. Na8 Qc2 28. Re1 Rc5 29. b4 Rc4 30. Nb6 Bd4 31. Qe2 Qxe2 32. Rxe2 Bxb6 33. axb6 Rxb4 34. e5 dxe5 35. Rxe5 Rxb6 36.
f4 Rb5 37. Re4 a5 38. Ra4 b6 39. g3 Rb4 40. Ra3 a4 41. Kg2 b5 42. Rd3 Rb3 43.
Rd8+ Kg7 44. Ra8 a3 45. Ra5 b4 0-1

[Event "*** SCC Grand Prix: Titled Tuesday Blitz"]
[Site "Chess.com"]
[Date "2020.06.09"]
[Round "9"]
[White "sasko1234"]
[Black "Rodalquilar"]
[Result "0-1"]
[WhiteElo "2476"]
[BlackElo "2636"]
[TimeControl "180+1"]
[EndTime "10:45:17 PDT"]
[Termination "Rodalquilar won by resignation"]

1. b3 d5 2. Bb2 Bf5 3. e3 e6 4. f4 c5 5. Nf3 Nc6 6. Bb5 Qc7 7. Ne5 f6 8. Nxc6 bxc6 9. Be2 Bd6 10. O-O Ne7 11.
Bg4 O-O 12. Bxf5 Nxf5 13. Nc3 e5 14. fxe5 fxe5 15. e4 Ne7 16. Qg4 d4 17. Qe6+ Kh8 18. Ne2 Ng6 19. d3 Rfe8 20. Qg4 Qb6 21. Bc1 a5 22. a4 Qb4 23. Rd1 Rf8 24. Bd2 Qb7 25.
Rf1 c4 26. dxc4 d3 27. cxd3 Qxb3 28. Rxf8+ Rxf8 29. Nc1 Bc5+ 0-1

[Event "*** SCC Grand Prix: Titled Tuesday Blitz"]
[Site "Chess.com"]
[Date "2020.06.09"]
[Round "9"]
[White "elohunter1999"]
[Black "oskariot"]
[Result "0-1"]
[WhiteElo "2497"]
[BlackElo "2653"]
[TimeControl "180+1"]
[EndTime "10:45:18 PDT"]
[Termination "oskariot won by resignation"]

1. e4 c5 2. Nf3 d6 3. Bb5+ Nd7 4. a4 a6 5. Be2 Ngf6 6. Nc3 b6 7. d4 cxd4 8. Qxd4 e5 9. Qe3 Bb7 10. O-O Be7 11.
Nd2 O-O 12. Rd1 Qc7 13. Nc4 Rad8 14. f3 d5 15. Qd3 Nc5 16. Qe3 dxc4 17. Rxd8 Rxd8 18.
Bxc4 Ne6 19. Qe2 Nd4 20. Qf1 Nxc2 21. Rb1 Bc5+ 22. Kh1 Ne3 23. Bxe3 Bxe3 24. b3 g6 25.
Rd1 Rxd1 26. Qxd1 Kg7 27. g3 h5 28. h4 Qd7 29. Qxd7 Nxd7 30. Kg2 Bd4 31. Ne2 f5 32. exf5 gxf5 33. Be6 Nc5 34. Bxf5 Nxb3 35. Bc2 Nc5 36. Bd1 b5 37. axb5 axb5 38. Nxd4 exd4 39. Kf2 b4 40. g4 b3 41. Ke2 b2 42. Bc2 d3+ 43. Bxd3 Nxd3 0-1

[Event "*** SCC Grand Prix: Titled Tuesday Blitz"]
[Site "Chess.com"]
[Date "2020.06.09"]
[Round "9"]
[White "Belka1989"]
[Black "Caterpiller35"]
[Result "1-0"]
[WhiteElo "2448"]
[BlackElo "2293"]
[TimeControl "180+1"]
[EndTime "10:45:21 PDT"]
[Termination "Belka1989 won by resignation"]

1. e4 c5 2. Nf3 Nc6 3. d4 cxd4 4. Nxd4 e6 5. c4 a6 6. a3 Qc7 7. Nc3 Bc5 8. Nb3 Be7 9. Be3 d6 10. Be2 b6 11. O-O Bb7 12. Rc1 Nf6 13. f3 O-O 14. Nd5 exd5 15. cxd5 Qd7 16. dxc6 Bxc6 17. Nd4 Bb7 18.
Nf5 b5 19. Bf4 d5 20. Rc7 Qxc7 21. Bxc7 Bc5+ 22. Kh1 dxe4 23. fxe4 Nxe4 24. Bg3 Rad8 25. Qc1 Bb6 26. Rd1 Rc8 27. Ne7+ Kh8 28. Nxc8 Rxc8 29.
Qf4 f6 30. Bg4 Re8 31. Bf3 g5 32. Qf5 Nxg3+ 33. hxg3 Re5 34. Qxf6+ 1-0

[Event "*** SCC Grand Prix: Titled Tuesday Blitz"]
[Site "Chess.com"]
[Date "2020.06.09"]
[Round "9"]
[White "MuhittinBuker"]
[Black "GoValya"]
[Result "1-0"]
[WhiteElo "1912"]
[BlackElo "2160"]
[TimeControl "180+1"]
[EndTime "10:45:24 PDT"]
[Termination "MuhittinBuker won on time"]

1. d4 g6 2. c4 Bg7 3. Nc3 c5 4. e3 cxd4 5. exd4 d6 6. Be2 Nc6 7. Nf3 Nf6 8. O-O O-O 9. Re1 Bf5 10. a3 Rc8 11. h3 Ne4 12. Nxe4 Bxe4 13. Be3 d5 14. c5 e5 15. dxe5 Nxe5 16. Nxe5 Bxe5 17.
Bd4 Qf6 18. Bxe5 Qxe5 19. b4 Rfd8 20. Bf3 f5 21. Qd2 d4 22. Rad1 d3 23. Re3 Qd4 24.
Bxe4 fxe4 25. Kh1 a5 26. f3 axb4 27. axb4 exf3 28. Rxf3 Qc4 29. Rxd3 Rxd3 30. Qxd3 Qxb4 31. Qd5+ Kg7 32. Qe5+ Kg8 33. Rd7 Qb1+ 34. Kh2 1-0

[Event "*** SCC Grand Prix: Titled Tuesday Blitz"]
[Site "Chess.com"]
[Date "2020.06.09"]
[Round "9"]
[White "RitvarsReimanis"]
[Black "goofypenguin96"]
[Result "0-1"]
[WhiteElo "2451"]
[BlackElo "2331"]
[TimeControl "180+1"]
[EndTime "10:45:27 PDT"]
[Termination "goofypenguin96 won by resignation"]

1. d4 d5 2. c4 c6 3. Nf3 Nf6 4. e3 g6 5. Nc3 Bg7 6. Qb3 O-O 7. Bd2 e6 8. Rc1 Ne4 9. Nxe4 dxe4 10. Ng1 f5 11. g3 Kh8 12. f4 exf3 13. Nxf3 Nd7 14. Bg2 e5 15. O-O e4 16. Ne1 c5 17. d5 b6 18. Bc3 Ne5 19. Bxe5 Bxe5 20. Qc2 Qc7 21. Rf2 Qg7 22. Bf1 Bd7 23. a4 a5 24. b3 g5 25. g4 f4 26. Qxe4 fxe3 27. Rxf8+ Rxf8 28. Nd3 Bd4 29. Be2 Be8 30. Rf1 Bg6 31. Rxf8+ Qxf8 32. Qf3 Qxf3 33. Bxf3 Bxd3 34. Kg2 e2 35.
Bxe2 Bxe2 0-1

[Event "*** SCC Grand Prix: Titled Tuesday Blitz"]
[Site "Chess.com"]
[Date "2020.06.09"]
[Round "9"]
[White "Dmitry_Konenkin"]
[Black "i_am_sankalp"]
[Result "0-1"]
[WhiteElo "2356"]
[BlackElo "2214"]
[TimeControl "180+1"]
[EndTime "10:45:27 PDT"]
[Termination "i_am_sankalp won by resignation"]

1. e4 e5 2. Nc3 Nc6 3. g3 Bc5 4. Bg2 d6 5. Nge2 h5 6. h3 Be6 7. O-O Qd7 8. Kh2 Nge7 9. f4 h4 10. f5 hxg3+ 11. Nxg3 Bc4 12. d3 Ba6 13. a3 O-O-O 14. b4 Bd4 15. Nge2 g6 16. Bg5 Rh5 17. Qd2 Rdh8 18. b5 gxf5 19. bxa6 f4 20. axb7+ Kb8 21. Rf3 Rxg5 22. Rb1 Ng6 23. Nd5 Rxg2+ 24. Kxg2 Nh4+ 25. Kf1 Nxf3 0-1

[Event "*** SCC Grand Prix: Titled Tuesday Blitz"]
[Site "Chess.com"]
[Date "2020.06.09"]
[Round "9"]
[White "colegiodemadrid"]
[Black "Rinas_Oleg"]
[Result "0-1"]
[WhiteElo "2335"]
[BlackElo "2233"]
[TimeControl "180+1"]
[EndTime "10:45:29 PDT"]
[Termination "Rinas_Oleg won by checkmate"]

1. d4 Nf6 2. c4 g6 3. Nc3 d5 4. Nf3 Bg7 5. Qb3 dxc4 6. Qxc4 O-O 7. e4 a6 8. e5 b5 9. Qb3 Be6 10.
exf6 Bxb3 11. fxg7 Kxg7 12. axb3 Nc6 13. Be3 Nb4 14. Kd2 c5 15. Kc1 cxd4 16. Bxd4+ f6 17. h4 Rc8 18. h5 e5 19. Be3 Nd3+ 20. Bxd3 Qxd3 21. Rd1 Rxc3+ 22. bxc3 Qxc3+ 23. Kb1 Qxb3+ 24. Kc1 Qc3+ 25. Kb1 Rc8 26. Rd7+ Kg8 27. Ra2 b4 28. Bh6 b3 29. Rad2 Qc1# 0-1

[Event "*** SCC Grand Prix: Titled Tuesday Blitz"]
[Site "Chess.com"]
[Date "2020.06.09"]
[Round "9"]
[White "GMJustin"]
[Black "earling8018"]
[Result "0-1"]
[WhiteElo "2281"]
[BlackElo "2093"]
[TimeControl "180+1"]
[EndTime "10:45:30 PDT"]
[Termination "earling8018 won on time"]

1. d4 d5 2. c4 e6 3. Nc3 c5 4. e3 Nf6 5. Nf3 Nc6 6. a3 a6 7. dxc5 Bxc5 8. b4 Bd6 9. cxd5 exd5 10. Bb2 O-O 11. Be2 Be6 12. O-O Qe7 13. Nd4 Ne5 14.
h3 Rac8 15. Na4 Nc4 16. Bxc4 Rxc4 17. Nxe6 Qxe6 18. Bd4 Nd7 19. Nb2 Rc7 20. Rc1 Rfc8 21. Rxc7 Rxc7 22. Qd2 Ne5 23. Rc1 Nc4 24. Nxc4 dxc4 25.
f3 b5 26. e4 h6 27. Qe3 Be5 28.
Bc3 Qf6 29. Rc2 Rd7 0-1

[Event "*** SCC Grand Prix: Titled Tuesday Blitz"]
[Site "Chess.com"]
[Date "2020.06.09"]
[Round "9"]
[White "Kilpkonn"]
[Black "YaWaleriy"]
[Result "0-1"]
[WhiteElo "1998"]
[BlackElo "2209"]
[TimeControl "180+1"]
[EndTime "10:45:30 PDT"]
[Termination "YaWaleriy won by resignation"]

1. e4 e6 2. d4 d5 3. e5 c5 4. c3 Nc6 5. Nf3 Qb6 6. Be2 Bd7 7. O-O Nge7 8. Na3 cxd4 9. cxd4 Nf5 10. Nc2 Be7 11. a3 a5 12. g4 Nh4 13. Nxh4 Bxh4 14. f4 Be7 15. Kh1 Rc8 16. f5 Nd8 17. Ne3 Bb5 18. Bxb5+ Qxb5 19. Qf3 a4 20. Bd2 Qxb2 21.
Ba5 Qxd4 22. fxe6 fxe6 23. Bxd8 Rf8 24. Qe2 Qe4+ 25. Kg1 Rxf1+ 26. Rxf1 Kxd8 27. Qd2 Bc5 28. Qa5+ b6 29. Qb5 Bxe3+ 30. Rf2 Rc1+ 0-1

[Event "*** SCC Grand Prix: Titled Tuesday Blitz"]
[Site "Chess.com"]
[Date "2020.06.09"]
[Round "9"]
[White "lucachess49"]
[Black "RestartingChess"]
[Result "0-1"]
[WhiteElo "2343"]
[BlackElo "2482"]
[TimeControl "180+1"]
[EndTime "10:45:33 PDT"]
[Termination "RestartingChess won on time"]

1. d4 Nf6 2. c4 g6 3. f3 Bg7 4. e4 d6 5. Ne2 O-O 6. Nbc3 c5 7. Be3 cxd4 8. Nxd4 Nc6 9. Qd2 Be6 10. Be2 Rc8 11.
O-O Nxd4 12. Bxd4 Bxc4 13. Bxc4 Rxc4 14. Bxa7 b6 15. Qf2 Nd7 16. Nd5 Bd4 17. Ne3 Ra4 18. Rfd1 e5 19. f4 Rxa7 20. f5 Qg5 21. Rxd4 exd4 22.
Nd5 Nf6 23. h4 Nxe4 24. hxg5 Nxf2 25. Kxf2 gxf5 26. a3 Kg7 27. Kf3 Re8 28. Rc1 Kg6 29.
Rc6 Kxg5 30. Rxd6 Re6 31. Rd8 Ra5 32. g3 d3 33. Nf4 Re1 34. Rd6 f6 35. Rxd3 Rf1+ 36.
Kg2 Rxf4 37. gxf4+ Kxf4 38. Rd6 Rb5 39. b4 Ke5 40.
Rc6 h5 41. Kf3 h4 42. Rc4 Rd5 43. a4 Rd3+ 44. Ke2 Rd4 0-1

[Event "*** SCC Grand Prix: Titled Tuesday Blitz"]
[Site "Chess.com"]
[Date "2020.06.09"]
[Round "9"]
[White "Bhagya_2312"]
[Black "GustavoJuarezF"]
[Result "1-0"]
[WhiteElo "2125"]
[BlackElo "1968"]
[TimeControl "180+1"]
[EndTime "10:45:35 PDT"]
[Termination "Bhagya_2312 won on time"]

1. e4 c5 2. Nf3 Nc6 3. d4 cxd4 4. Nxd4 Nf6 5. Nc3 e5 6. Ndb5 d6 7. Nd5 Nxd5 8. exd5 Nb8 9. a4 Be7 10. Be2 O-O 11. O-O a6 12. Na3 f5 13. f4 Nd7 14.
Kh1 exf4 15. Bxf4 Qc7 16. Nc4 g5 17. Be3 f4 18. Bd4 Bf6 19. a5 Ne5 20. Nb6 Rb8 21.
c4 Bd7 22. Rc1 Be8 23. c5 dxc5 24. Bxc5 Rf7 25. d6 Qd8 26. Nc4 Bb5 27. Nxe5 Bxe5 28.
Bxb5 axb5 29. Qd5 Bf6 30. Bb6 Qf8 31. Rc7 Bd8 32. Rd7 Bxb6 33. axb6 h6 34. Re1 Re8 35.
Ree7 Rxe7 36. dxe7 Qe8 37. Rd8 1-0

[Event "*** SCC Grand Prix: Titled Tuesday Blitz"]
[Site "Chess.com"]
[Date "2020.06.09"]
[Round "9"]
[White "Ladislav1969"]
[Black "yamalchess"]
[Result "0-1"]
[WhiteElo "2337"]
[BlackElo "2456"]
[TimeControl "180+1"]
[EndTime "10:45:37 PDT"]
[Termination "yamalchess won by resignation"]

1. e4 e5 2. Bc4 Nc6 3. Nc3 Nf6 4. d3 Na5 5. Nge2 c6 6. Bg5 h6 7.
Bh4 Be7 8. O-O Nxc4 9. dxc4 Nxe4 10. Bxe7 Nxc3 11. Bxd8 Nxd1 12. Bc7 Nxb2 13. Bxe5 Nxc4 14. Bxg7 Rh7 15. Bf6 d5 16. Nf4 Be6 17. Rfe1 Kd7 18. Nd3 Rg8 19. Nc5+ Kc8 20. Nxe6 fxe6 21. Rxe6 Kd7 22.
Rae1 Rg6 23. Re7+ Rxe7 24. Bxe7 b6 25. f4 Re6 26. Rxe6 Kxe6 27. Bf8 h5 28. h3 Kf5 29.
Bh6 Ne3 30. c3 Nd1 31. g3 Nxc3 32. Kf2 d4 33. Kf3 d3 34. g4+ Kg6 35. Bg5 d2 0-1

[Event "*** SCC Grand Prix: Titled Tuesday Blitz"]
[Site "Chess.com"]
[Date "2020.06.09"]
[Round "9"]
[White "platy3"]
[Black "Jumbo"]
[Result "1-0"]
[WhiteElo "2757"]
[BlackElo "2818"]
[TimeControl "180+1"]
[EndTime "10:45:39 PDT"]
[Termination "platy3 won by resignation"]

1. e4 c5 2. Nf3 d6 3. d4 cxd4 4. Nxd4 Nf6 5. Nc3 Nc6 6. Bg5 e6 7. Qd2 a6 8. O-O-O Bd7 9. f4 Be7 10. Nf3 b5 11. Bxf6 gxf6 12. f5 Qb6 13. Ne2 O-O-O 14. Nf4 Kb8 15. g3 Na5 16. Nd4 d5 17. fxe6 fxe6 18. Nfxe6 Bxe6 19. Nxe6 Qxe6 20. Qxa5 dxe4 21.
Be2 f5 22. a4 bxa4 23. Bxa6 Qc6 24. Bb5 Qc5 25. Qxa4 Rc8 26. Rd7 Rhd8 27. Qb3 Bg5+ 28.
Kb1 Qb6 29. Rhd1 Rxd7 30. Rxd7 Rc7 31. Qg8+ Ka7 32. Rxc7+ Qxc7 33. Qxg5 1-0

[Event "*** SCC Grand Prix: Titled Tuesday Blitz"]
[Site "Chess.com"]
[Date "2020.06.09"]
[Round "9"]
[White "Radzio1987"]
[Black "temus_galaktionov"]
[Result "1-0"]
[WhiteElo "2894"]
[BlackElo "2717"]
[TimeControl "180+1"]
[EndTime "10:45:39 PDT"]
[Termination "Radzio1987 won by resignation"]

1. c4 c6 2. Nf3 g6 3. e4 Bg7 4. d4 d6 5. Nc3 Nd7 6. Be2 e5 7. O-O Ngf6 8. Be3 O-O 9. Qc2 Qe7 10.
Rad1 Re8 11. d5 c5 12. g3 Rf8 13. Nh4 Ne8 14. Bd3 Nb8 15. Kh1 a6 16. Rde1 Nc7 17. a4 b6 18. Ng2 Bh3 19. f4 exf4 20. gxf4 Nd7 21. Rf3 Bg4 22. Rg3 Bh5 23. Qf2 Rae8 24. e5 dxe5 25. f5 e4 26. Nxe4 Ne5 27. Bb1 Qd8 28.
f6 Bh8 29. b3 Ng4 30. Qf4 Nxe3 31. Nxe3 Qd7 32. Nf5 h6 33. Nxh6+ Kh7 34. Reg1 Rxe4 35. Bxe4 Ne8 36. Nxf7 Qxf7 37. Rxg6 Bxg6 38. Qh4+ Kg8 39. Bxg6 Qc7 40. Bxe8+ Bg7 41. Rxg7+ Qxg7 42. fxg7 Rxe8 43.
Qh8+ 1-0

[Event "*** SCC Grand Prix: Titled Tuesday Blitz"]
[Site "Chess.com"]
[Date "2020.06.09"]
[Round "9"]
[White "Semetey"]
[Black "Semen_Khanin"]
[Result "0-1"]
[WhiteElo "2547"]
[BlackElo "2748"]
[TimeControl "180+1"]
[EndTime "10:45:40 PDT"]
[Termination "Semen_Khanin won on time"]

1. d4 Nf6 2. Nc3 d5 3. Bf4 a6 4. e3 e6 5. a3 c5 6. Nf3 Nc6 7. Be2 b5 8. O-O Bb7 9. Ne5 Be7 10. g4 O-O 11. g5 Nd7 12. Nxc6 Bxc6 13. h4 f6 14. Bg4 fxg5 15. Bxe6+ Kh8 16. hxg5 Bxg5 17. Bg3 Nf6 18. dxc5 Qe7 19. Bh3 Qxc5 20. Qd4 Qxd4 21. exd4 Nh5 22. Be5 Nf4 23. Bg4 h5 24. Bf3 Ng6 25. Bxh5 Nxe5 26. dxe5 Rf5 27. Bg4 Rxe5 28. f4 Re3 29. Kf2 Bxf4 30. Rh1+ Kg8 31. Ne2 Bg5 32. Nd4 Rf8+ 33. Kg2 Rf6 34. Raf1 Re4 35. Bf3 Rxd4 0-1

[Event "*** SCC Grand Prix: Titled Tuesday Blitz"]
[Site "Chess.com"]
[Date "2020.06.09"]
[Round "9"]
[White "MartinMatthiesen"]
[Black "FMalexhdez"]
[Result "0-1"]
[WhiteElo "2352"]
[BlackElo "2142"]
[TimeControl "180+1"]
[EndTime "10:45:40 PDT"]
[Termination "FMalexhdez won by resignation"]

1. d4 Nf6 2. c4 e6 3. Nf3 Bb4+ 4. Bd2 Qe7 5. g3 a5 6. Bg2 d6 7. O-O Nbd7 8. Nc3 O-O 9. Nb5 Nb6 10. Rc1 e5 11. dxe5 dxe5 12. Qb3 c6 13. Nc3 e4 14. Ng5 a4 15. Qc2 Bf5 16. Nd1 Bxd2 17. Qxd2 Rad8 18. Qe3 h6 19. Nxf7 Rxf7 20. Qxb6 Rd2 21. Ne3 Bc8 22. Rc2 Rxc2 23. Nxc2 Ng4 24. Ne3 Ne5 25. Rd1 Rf8 26. Qd4 Qf6 27. Rf1 Nf3+ 0-1

[Event "*** SCC Grand Prix: Titled Tuesday Blitz"]
[Site "Chess.com"]
[Date "2020.06.09"]
[Round "9"]
[White "SargissyanSargis"]
[Black "Efremov_Vlad"]
[Result "1-0"]
[WhiteElo "2308"]
[BlackElo "2169"]
[TimeControl "180+1"]
[EndTime "10:45:40 PDT"]
[Termination "SargissyanSargis won on time"]

1. e4 c5 2. Nc3 Nc6 3. Bb5 Nd4 4.
Bc4 e6 5. Nge2 a6 6. Nxd4 cxd4 7. Ne2 b5 8. Bb3 Qb6 9. O-O d6 10. d3 Nf6 11. c3 dxc3 12. bxc3 Be7 13. Be3 Qc7 14. h3 O-O 15. f4 Bb7 16. f5 d5 17.
fxe6 fxe6 18. Nf4 Qxc3 19. Nxe6 Rfc8 20. Bd4 Qc6 21. exd5 Qd6 22. Bxf6 Bxf6 23. Rxf6 gxf6 24. Qg4+ Kf7 25. Qg7+ Ke8 26. Qxb7 Rab8 27. Qxh7 Rc3 28. Re1 Qb6+ 29. Kh1 1-0